 Dungeon Crawl Stone Soup version 0.20-a0-1033-g05abe66 (webtiles) character file.

854 Herrn the Skirmisher (level 8, -3/67 HPs)
             Began as a Formicid Wanderer on Apr 21, 2017.
             Was a Follower of Okawaru.
             Splashed by a jelly's acid (11 damage)
             ... on level 5 of the Dungeon.
             The game lasted 00:09:46 (4262 turns).

Herrn the Skirmisher (Formicid Wanderer)            Turns: 4262, Time: 00:09:47

Health: -3/67      AC:  2    Str: 16    XL:     8   Next: 21%
Magic:  6/8        EV: 10    Int: 15    God:    Okawaru [*.....]
Gold:   188        SH:  9    Dex: 10    Spells: 7/7 levels left

rFire    + . .     SeeInvis +   a - +2 spear
rCold    x . .     Gourm    +   c - +0 buckler
rNeg     . . .     Faith    .   m - +0 chain mail
rPois    .         Spirit   .   (helmet unavailable)
rElec    .         Reflect  .   z - +0 cloak
rCorr    .         Harm     .   G - +1 pair of gloves
MR       .....                  t - +0 pair of boots
Stlth    ..........             p - amulet of the gourmand
Regen    0.3/turn               y - ring of fire
MPRegen  0.2/turn               F - ring of wizardry

@: heroism, corroded
A: permanent stasis, dig shafts and tunnels, four strong arms, antennae 3, large
bone plates 1, yellow scales 1, mutation resistance 1
a: Dig, Shaft Self, Heroism, Renounce Religion


You were on level 5 of the Dungeon.
You worshipped Okawaru.
Okawaru was aware of your devotion.
You were completely stuffed.

You visited 2 branches of the dungeon, and saw 6 of its levels.

You collected 188 gold pieces.

Inventory:

Hand Weapons
 a - a +2 spear (weapon)
 e - a +0 dagger
 g - a +0 halberd
 D - a +0 war axe
Armour
 c - a +0 buckler (worn)
 m - a +0 chain mail (worn)
 t - a +0 pair of boots (worn)
 z - a +0 cloak (worn)
 G - a +1 pair of gloves (worn)
Jewellery
 p - an amulet of the gourmand (around neck)
 y - a ring of fire (left hand)
 F - a ring of wizardry (right hand)
Wands
 q - a wand of random effects (26/48)
Scrolls
 h - 2 scrolls of fog {unknown}
 j - 5 scrolls of identify {unknown}
 k - 4 scrolls of remove curse
 o - 2 scrolls of magic mapping {unknown}
 r - a scroll of enchant armour {unknown}
 s - a scroll of random uselessness {unknown}
 u - 2 scrolls of recharging {unknown}
 x - 2 scrolls of teleportation {unknown}
 A - a scroll of noise {unknown}
 I - a scroll of immolation {unknown}
 J - a scroll of fear {unknown}
Potions
 b - 4 potions of curing
 d - a potion of berserk rage {unknown}
 i - 4 potions of lignification {unknown}
 l - 2 potions of might
 v - 2 potions of agility {unknown}
 w - a potion of cancellation {unknown}
 B - a potion of mutation
 H - a potion of degeneration {unknown}
Comestibles
 f - 2 bread rations
 n - a meat ration
 C - 5 chunks of flesh
 E - a fruit


   Skills:
 + Level 7.5(12.5) Fighting
 - Level 1.0(6.0) Short Blades
 * Level 1.6(8.0) Axes
 - Level 4.0(9.1) Polearms
 + Level 3.6(8.6) Armour
 * Level 3.3(8.3) Dodging
 - Level 2.4(7.4) Stealth
 + Level 3.1(8.1) Shields


You had 7 spell levels left.
You didn't know any spells.

Dungeon Overview and Level Annotations

Branches:
Dungeon (5/15)             Temple (1/1) D:4

Altars:
Ashenzari
Cheibriados
Dithmenos
Fedhas
Makhleb
Nemelex Xobeh
Okawaru
Qazlal
Sif Muna
Trog
Uskayaw
Vehumet
Wu Jian
Yredelemnul
The Shining One


Innate Abilities, Weirdness & Mutations

You cannot be hasted, slowed, berserked, paralysed or teleported.
You can dig through walls and to a lower floor.
Your four strong arms can wield two-handed weapons with a shield.
You have a pair of large antennae on your head. (SInv)
You are partially covered in large bone plates. (SH +4)
You are partially covered in yellow scales. (AC +2)
You are somewhat resistant to further mutation.


Message History

The jelly is moderately wounded.
The jelly hits you but does no damage.
You hit the jelly but do no damage.
Your hands burn!
The jelly is moderately wounded.
The jelly hits you but does no damage.
You hit the jelly. The acid corrodes you!
Your hands burn!
The jelly is heavily wounded.
The jelly hits you.
You are splashed with acid!
The acid burns!
* * * LOW HITPOINT WARNING * * *
You gain the combat prowess of a mighty hero.
You block the jelly's attack.
Okay, then.
Unknown command.
You hit the jelly.
Your hands burn!
* * * LOW HITPOINT WARNING * * *
The jelly is severely wounded.
The jelly hits you.
* * * LOW HITPOINT WARNING * * *
The acid corrodes you!
You are splashed with acid!
The acid burns!
You die...

####### #
#.....####... .. .###
#...........){o.
.....#.....####...{..
#...†)### .....
####.{)#####...... #
#....#.).†o....... .
##.###J######......
#. #..# ##@# .....
#.# #.## #....# ..J.
... ####.# ...##.#
... #.##....##.## ..#
.. #........#. .# .
###..###..... .#
#...## ##.## # #.###
.# ##.# #


You could see a jelly.

Vanquished Creatures
  The ghost of yrara the Cudgeler, an amateur DsFi (D:3)
  Purgy (D:3)
  An ogre (D:5)
  A scorpion (D:4)
  A crimson imp (D:3)
  2 hounds
  2 orc priests
  An iguana (D:4)
  A worker ant (D:4)
  Natasha (thrice) (D:2)
  A hound skeleton (D:4)
  Robin (D:4)
  3 gnolls (D:3)
  4 adders
  A shadow imp (D:5)
  An ooze (D:1)
  2 worms
  6 leopard geckos
  15 orcs
  A ball python (D:3)
  3 giant cockroaches
  17 goblins
  3 hobgoblins (D:1)
  9 jackals
  8 kobolds
  A quokka (D:3)
  7 bats
  2 frilled lizards
  A jackal skeleton (D:4)
  A quokka skeleton (D:4)
  3 rats (D:1)
104 creatures vanquished.

Notes
Turn   | Place    | Note
-------+----------+-------------------------------------------
     0 | D:1      | Herrn the Formicid Wanderer began the quest for the Orb.
     0 | D:1      | Herrn set off with: a +2 spear, a potion of curing, a +0 buckler, a +0 robe, a +0 dagger, a bread ration
     0 | D:1      | Reached XP level 1. HP: 21/21 MP: 1/1
   140 | D:1      | Reached XP level 2. HP: 27/28 MP: 2/2
   340 | D:1      | Reached skill level 6 in Fighting
   478 | D:1      | Reached XP level 3. HP: 34/34 MP: 3/3
   887 | D:2      | Reached XP level 4. HP: 39/41 MP: 4/4
   891 | D:2      | Noticed Natasha
   901 | D:2      | Killed Natasha
   901 | D:2      | Reached skill level 1 in Dodging
  1058 | D:2      | Noticed Natasha
  1063 | D:2      | Killed Natasha
  1063 | D:2      | Reached XP level 5. HP: 45/47 MP: 5/5
  1075 | D:2      | Noticed Natasha
  1094 | D:2      | Killed Natasha
  1094 | D:2      | Reached skill level 1 in Armour
  1371 | D:2      | Reached skill level 7 in Fighting
  1803 | D:3      | Noticed Purgy
  1807 | D:3      | Gained mutation: You are clumsy. (Dex -2) [potion of mutation]
  1807 | D:3      | Gained mutation: You have a beak for a mouth. [potion of mutation]
  1808 | D:3      | Lost mutation: You have a beak for a mouth. [potion of mutation]
  1808 | D:3      | Lost mutation: You are clumsy. (Dex -2) [potion of mutation]
  1808 | D:3      | Gained mutation: Your flesh is cold resistant. (rC+) [potion of mutation]
  1808 | D:3      | Gained mutation: You have large cloven feet. [potion of mutation]
  1809 | D:3      | Lost mutation: You have large cloven feet. [potion of mutation]
  1809 | D:3      | Lost mutation: Your flesh is cold resistant. (rC+) [potion of mutation]
  1809 | D:3      | Gained mutation: You are partially covered in large bone plates. (SH +4) [potion of mutation]
  1809 | D:3      | Gained mutation: You are partially covered in yellow scales. (AC +2) [potion of mutation]
  1809 | D:3      | Gained mutation: You are somewhat resistant to further mutation. [potion of mutation]
  1843 | D:3      | Killed Purgy
  1843 | D:3      | Reached XP level 6. HP: 31/55 MP: 6/6
  2166 | D:3      | Noticed yrara's ghost (amateur DsFi)
  2460 | D:3      | Killed yrara's ghost
  2460 | D:3      | Reached XP level 7. HP: 32/60 MP: 7/7
  2610 | D:3      | Found a sparkling altar of Nemelex Xobeh.
  2992 | D:4      | Found a staircase to the Ecumenical Temple.
  2998 | Temple   | Entered the Ecumenical Temple
  3203 | Temple   | Became a worshipper of Warmaster Okawaru
  3374 | D:4      | Noticed Robin
  3408 | D:4      | Killed Robin
  3696 | D:4      | Found a blossoming altar of Fedhas.
  3890 | D:5      | Entered Level 5 of the Dungeon
  3986 | D:5      | Reached XP level 8. HP: 62/67 MP: 8/8
  4121 | D:5      | Reached skill level 1 in Axes
  4128 | D:5      | Reached * piety under Okawaru
  4262 | D:5      | Splashed by a jelly's acid

Vault maps used:
D:1:      lightli_iron_boxes
D:2:      minmay_misc_feat_secret_circle, minmay_item_behind_shaft, uniq_natasha
D:3:      lemuel_crystal_altar, uniq_purgy
D:4:      fedhas_altar_4, minmay_temple_entry_hall, uniq_robin
D:5:      kennysheep_little_box, first_bread
Temple:   nicolae_temple_figure_eight

Skill      XL: |  1  2  3  4  5  6  7  8 |
---------------+-------------------------+-----
Fighting       | 6 7 |  7.5
Dodging        | 1 2 3 |  3.3
Polearms       | 2 3 4 |  4.0
Armour         | 1 2 3 |  3.6
Shields        | 2 3 |  3.1
Axes           | 1 |  1.6
Short Blades   | |  1.0
Stealth        | |  2.4

Action                   |  1- 3 |  4- 6 |  7- 9 || total
-------------------------+-------+-------+-------++-------
Melee: Spear             |    69 |   233 |   241 ||   543
Invok: Heroism           |       |       |     1 ||     1
 Abil: Dig               |       |     2 |     2 ||     4
  Use: Potion            |       |     6 |     1 ||     7
       Scroll            |       |     1 |       ||     1
 Stab: Sleeping          |     4 |       |       ||     4
  Eat: Chunk             |       |    18 |     7 ||    25
Armor: Robe              |     8 |       |       ||     8
       Chain mail        |     4 |   118 |    71 ||   193
Dodge: Dodged            |    17 |    49 |    35 ||   101
Block: Buckler           |    11 |    58 |    66 ||   135
